 Dungeon Crawl Stone Soup version 0.18.1-50-g88ac8fd (webtiles) character file.

9021 magog001 the Blocker (level 11, -8/97 HPs)
             Began as a Minotaur Fighter on Oct 20, 2017.
             Was a High Priest of Nemelex Xobeh.
             Mangled by an ettin
             ... wielding a +0 dire flail
              (23 damage)
             ... on level 1 of the Orcish Mines.
             The game lasted 01:10:42 (11583 turns).

magog001 the Blocker (Minotaur Fighter)            Turns: 11583, Time: 01:10:43

Health: -8/97      AC: 20    Str: 25 (28) XL:     11   Next: 17%
Magic:  20/20      EV:  7    Int:  7 (9)  God:    Nemelex Xobeh [*****.]
Gold:   508        SH: 12    Dex:  6 (8)  Spells: 0 memorised, 10 levels left

rFire  + . .     SeeInvis +     v - +3 hand axe (venom)
rCold  . . .     Gourm    .     E - +1 plate armour of Tuitirinoph {rF+ MR+ SInv}
rNeg   . . .     Faith    +     c - +0 shield
rPois  .         Spirit   .     (helmet restricted)
rElec  .         Dismiss  .     k - +2 cloak
rCorr  .         Reflect  .     g - +0 pair of gloves {Str+3}
SustAt .         Harm     .     (no boots)
MR     +....                    B - amulet of faith
Stlth  ..........               X - ring of stealth
                                T - ring of magical power

@: somewhat resistant to hostile enchantments, extremely unstealthy
A: retaliatory headbutt, horns 2, rough black scales 1, clever 2, deformed body,
deterioration 1, screaming 1, slow regeneration 1
a: Triple Draw, Deal Four, Stack Five, Renounce Religion


You were on level 1 of the Orcish Mines.
You worshipped Nemelex Xobeh.
Nemelex Xobeh was extremely pleased with you.
You were hungry.

You visited 2 branches of the dungeon, and saw 12 of its levels.

You collected 858 gold pieces.
You spent 306 gold pieces at shops.

Inventory:

Hand Weapons
 h - a +2 hunting sling of flaming
 v - a +3 hand axe of venom (weapon)
Missiles
 d - 20 tomahawks
 i - 25 poisoned needles
 w - 101 sling bullets
 y - 13 curare-tipped needles
 z - 7 steel tomahawks (quivered)
Armour
 c - a +0 shield (worn)
 g - a +0 pair of gloves of strength (worn)
 k - a +2 cloak (worn)
 E - the +1 plate armour of Tuitirinoph (worn) {rF+ MR+ SInv}
   (You found it on level 4 of the Dungeon)

   It protects you from fire.
   It affects your resistance to hostile enchantments.
   It lets you see invisible.
Jewellery
 B - an amulet of faith (around neck)
 T - a ring of magical power (left hand)
 X - a ring of stealth (right hand)
Wands
 j - a wand of random effects (19/48)
 m - a wand of flame (33/48)
 n - a wand of lightning (9/15)
 q - a wand of polymorph (10/24)
 I - a wand of enslavement (7/24)
 L - a wand of iceblast (1/15)
 M - a wand of digging (17/24)
 O - a wand of digging (7/24)
 Y - a wand of disintegration (8/24)
Scrolls
 G - 2 scrolls of teleportation
 H - 4 scrolls of recharging
 J - a scroll of blinking
 Q - a scroll of amnesia
 R - a scroll of remove curse
 V - a scroll of fear {unknown}
Potions
 b - 3 potions of ambrosia
 o - a potion of magic
 C - a potion of invisibility
 P - a potion of might
Miscellaneous
 a - a plain deck of war
 e - a plain deck of war
 l - a plain deck of war
 s - a plain deck of destruction {drawn: 10}
 t - a plain deck of destruction
 u - a plain deck of destruction
 x - an ornate deck of escape {drawn: 2}
 A - a plain deck of war {drawn: 1}
 N - a plain deck of destruction
 S - a plain deck of war
 Z - an ornate deck of destruction {drawn: 1}
Comestibles
 f - 3 bread rations
 D - 3 meat rations
 K - a slice of pizza
 U - 9 royal jellies


   Skills:
 * Level 9.3 Fighting
 * Level 9.9 Axes
 + Level 0.8 Throwing
 * Level 11.2 Armour
 + Level 2.9 Dodging
 + Level 0.8 Stealth
 * Level 11.9 Shields
 + Level 1.6 Evocations


You had 10 spell levels left.
You didn't know any spells.

Dungeon Overview and Level Annotations

Branches:
Dungeon (11/15)            Temple (0/1) D:7             Orc (1/2) D:10
   Lair: D:8-11

Altars:
Ashenzari
Elyvilon
Gozag
Makhleb
Nemelex Xobeh
Pakellas
Qazlal
Yredelemnul
The Shining One

Shops:
D:4 [   D:6 *   D:10 [


Innate Abilities, Weirdness & Mutations

You reflexively headbutt those who attack you in melee.
You have a pair of horns on your head.
You are partially covered in rough black scales (AC +4, Dex -1).
Your mind is very acute. (Int +4)
Armour fits poorly on your strangely shaped body.
Your body sometimes deteriorates upon taking damage.
You occasionally shout uncontrollably at your foes.
You regenerate slowly when monsters are visible.


Message History

The deck of cards disappears without a trace.
The ogre hits your ice devil but does no damage.
Unknown command.
An ogre is nearby!
Unknown command.
Unknown command.
Unknown command.
You swap places.
The ogre barely misses you. You furiously retaliate!
You headbutt the ogre.
Your hell hound bites the ogre!
The ogre dies!
You block the ettin's attack. x2; The orc throws a tomahawk.
The tomahawk closely misses you.
Items here: ( ))))) [[[ You swap places.
Something hits your ice devil! Something hits your ice devil!!
Something barely misses your hell hound.
You swap places.
The ettin hits you with a dire flail!!
* * * LOW HITPOINT WARNING * * *
The ettin hits you with an enchanted dire flail!!
You die...
Your body glows with a rainbow of weird colours and disappears.

####.## #.........# ###
###........####
###.......#.....#
#.#......##.....###
#......####.......#
#..#.....###......#
##.##.....#....#.##
#####.........###
##@h)......# #4#Co...#.##
###O..##### ###
##........# ##.##
#.........### #...###
##.....#.....#
#####....####.....###....#
.##........#.....##
#....####
............o..C.#
###......#


You could see an ettin, an ogre, an orc, a friendly ice devil and a friendly
hell hound.

Vanquished Creatures
  2 hill giants (D:10)
  A troll (D:10)
  A two-headed ogre (D:7)
  Prince Ribbit (D:9)
  A wyvern (D:9)
  A hippogriff (D:9)
  Menkaure (D:6)
  2 hungry ghosts
  4 ice beasts
  3 orc warriors
  5 sky beasts
  4 ogres
  2 necrophages
  2 phantoms
  8 centaurs
  2 big kobolds (D:10)
  4 giant frogs (D:7)
  14 killer bees
  5 wights
  2 howler monkeys
  4 crimson imps
  2 hounds
  5 jellies
  13 orc priests
  Crazy Yiuf (D:3)
  2 giant frog skeletons (D:10)
  An iron imp (D:7)
  17 orc wizards
  Terence (D:3)
  An iguana (D:8)
  6 worker ants
  A killer bee zombie (D:9)
  A hound zombie (D:6)
  A worker ant zombie (D:10)
  7 gnolls
  10 adders
  3 shadow imps
  8 oozes
  2 worms (D:2)
  An adder skeleton (D:5)
  A dart slug (D:1)
  4 giant geckos
  52 orcs
  13 bats
  4 giant cockroaches
  9 hobgoblins
  2 jackals (D:7)
  3 giant newts
  5 goblins
  2 goblin zombies (D:7)
  2 hobgoblin zombies (D:7)
  A jackal skeleton (D:4)
  11 kobolds
  A kobold skeleton (D:7)
  A kobold zombie (D:7)
  2 orc skeletons (D:7)
  An orc zombie (D:7)
  40 rats
306 creatures vanquished.

Vanquished Creatures (collateral kills)
  The ghost of magog001 the Blocker, a journeyman MiFi of Nemelex Xobeh (Orc:1)
  A hill giant (D:10)
  A gargoyle (D:10)
  An ogre (Orc:1)
4 creatures vanquished.

Grand Total: 310 creatures vanquished

Notes
Turn   | Place    | Note
--------------------------------------------------------------
     0 | D:1      | magog001 the Minotaur Fighter began the quest for the Orb.
     0 | D:1      | Reached XP level 1. HP: 19/19 MP: 0/0
   329 | D:1      | Reached XP level 2. HP: 27/27 MP: 1/1
  1004 | D:2      | Found a sparkling altar of Nemelex Xobeh.
  1006 | D:2      | Found a basalt altar of Yredelemnul.
  1007 | D:2      | Found an oddly glowing altar of Pakellas.
  1020 | D:2      | Became a worshipper of Nemelex Xobeh the Trickster
  1070 | D:2      | Received a gift from Nemelex Xobeh
  1096 | D:2      | Reached XP level 3. HP: 28/33 MP: 2/2
  1186 | D:2      | Reached XP level 4. HP: 34/40 MP: 3/3
  1829 | D:2      | Found a stormy altar of Qazlal.
  2079 | D:3      | Noticed Terence
  2085 | D:3      | Killed Terence
  2085 | D:3      | Reached skill level 5 in Shields
  2123 | D:3      | Found a shattered altar of Ashenzari.
  2142 | D:3      | Reached XP level 5. HP: 47/47 MP: 4/4
  2246 | D:3      | Received a gift from Nemelex Xobeh
  2249 | D:3      | Reached * piety under Nemelex Xobeh
  2323 | D:3      | Noticed Crazy Yiuf
  2328 | D:3      | Killed Crazy Yiuf
  2399 | D:3      | Found a white marble altar of Elyvilon.
  2447 | D:3      | Reached skill level 5 in Armour
  2655 | D:4      | Noticed Eustachio
  2665 | D:4      | Noticed Eustachio
  2665 | D:4      | Eustachio changed into Eustachio the killer bee
  2674 | D:4      | Killed Eustachio the killer bee
  2820 | D:4      | Reached XP level 6. HP: 52/55 MP: 5/5
  2832 | D:4      | Reached skill level 1 in Dodging
  2842 | D:4      | Reached skill level 5 in Fighting
  2925 | D:4      | Noticed Sigmund
  2945 | D:4      | Noticed Sigmund
  2957 | D:4      | Killed Sigmund the adder
  3558 | D:4      | Found Jeinocod's Armour Boutique.
  3591 | D:4      | Received a gift from Nemelex Xobeh
  3673 | D:4      | Reached XP level 7. HP: 53/61 MP: 6/6
  3838 | D:4      | Got a transparent plate armour
  3845 | D:4      | Reached ** piety under Nemelex Xobeh
  3868 | D:4      | Identified the cursed +1 plate armour of Tuitirinoph {rF+ MR+ SInv} (You found it on level 4 of the Dungeon)
  4045 | D:5      | Entered Level 5 of the Dungeon
  4364 | D:4      | Found an opulent altar of Gozag.
  4413 | D:5      | Gained mutation: Your mind is acute. (Int +2) [mutagenic meat]
  4414 | D:5      | Gained mutation: Your spells are a little harder to cast, but a little more powerful. [mutagenic meat]
  4415 | D:5      | Gained mutation: You are clumsy. (Dex -2) [mutagenic meat]
  4416 | D:5      | Gained mutation: You are resistant to electric shocks. [mutagenic meat]
  4497 | D:5      | Reached skill level 5 in Axes
  4500 | D:5      | Reached XP level 8. HP: 70/70 MP: 7/7
  4855 | D:5      | Received a gift from Nemelex Xobeh
  5205 | D:6      | Gained mutation: Your magical capacity is low (-10% MP). [mutagenic meat]
  5206 | D:6      | Lost mutation: Your magical capacity is low (-10% MP). [mutagenic meat]
  5207 | D:6      | Gained mutation: You are weak. (Str -2) [mutagenic meat]
  5208 | D:6      | Gained mutation: You can translocate small distances at will. [mutagenic meat]
  5209 | D:6      | Lost mutation: You are weak. (Str -2) [mutagenic meat]
  5554 | D:6      | Found Zuhe's General Store.
  5562 | D:6      | Bought a plain deck of summoning for 168 gold pieces
  5597 | D:6      | Noticed Menkaure
  5607 | D:6      | Killed Menkaure
  5837 | D:6      | Reached *** piety under Nemelex Xobeh
  5954 | D:6      | Received a gift from Nemelex Xobeh
  6059 | D:6      | Lost mutation: Your mind is acute. (Int +2) [potion of mutation]
  6059 | D:6      | Gained mutation: Your mind is acute. (Int +2) [potion of mutation]
  6059 | D:6      | Gained mutation: You tend to lose your temper in combat. [potion of mutation]
  6060 | D:6      | Lost mutation: You are clumsy. (Dex -2) [potion of mutation]
  6060 | D:6      | Gained mutation: You occasionally shout uncontrollably at your foes. [potion of mutation]
  6061 | D:6      | Lost mutation: Your mind is acute. (Int +2) [potion of mutation]
  6061 | D:6      | Gained mutation: Your body sometimes deteriorates upon taking damage. [potion of mutation]
  6061 | D:6      | Gained mutation: Your muscles are strong. (Str +2) [potion of mutation]
  6062 | D:6      | Lost mutation: Your body sometimes deteriorates upon taking damage. [potion of cure mutation]
  6062 | D:6      | Lost mutation: Your spells are a little harder to cast, but a little more powerful. [potion of cure mutation]
  6062 | D:6      | Lost mutation: You can translocate small distances at will. [potion of cure mutation]
  6063 | D:6      | Lost mutation: You tend to lose your temper in combat. [potion of cure mutation]
  6063 | D:6      | Lost mutation: You occasionally shout uncontrollably at your foes. [potion of cure mutation]
  6063 | D:6      | Lost mutation: Your muscles are strong. (Str +2) [potion of cure mutation]
  6063 | D:6      | Lost mutation: You are resistant to electric shocks. [potion of cure mutation]
  6621 | D:7      | Reached XP level 9. HP: 73/78 MP: 8/8
  6692 | D:7      | Found a staircase to the Ecumenical Temple.
  6949 | D:7      | Received a gift from Nemelex Xobeh
  7001 | D:7      | Gained mutation: You occasionally shout uncontrollably at your foes. [mutagenic meat]
  7002 | D:7      | Gained mutation: Your mind is acute. (Int +2) [mutagenic meat]
  7003 | D:7      | Gained mutation: Armour fits poorly on your strangely shaped body. [mutagenic meat]
  7004 | D:7      | Gained mutation: You regenerate slowly when monsters are visible. [mutagenic meat]
  7005 | D:7      | Gained mutation: Your mind is very acute. (Int +4) [mutagenic meat]
  7006 | D:7      | Lost mutation: You regenerate slowly when monsters are visible. [mutagenic meat]
  7134 | D:7      | Reached skill level 1 in Evocations
  7137 | D:7      | Paralysed by a wight for 2 turns
  7221 | D:7      | Found a glowing golden altar of the Shining One.
  7269 | D:7      | Reached **** piety under Nemelex Xobeh
  7685 | D:7      | Found a burning altar of Makhleb.
  7836 | D:8      | Received a gift from Nemelex Xobeh
  7859 | D:8      | Reached skill level 10 in Shields
  8245 | D:8      | Received a gift from Nemelex Xobeh
  8314 | D:8      | Reached ***** piety under Nemelex Xobeh
  8519 | D:8      | Reached XP level 10. HP: 73/88 MP: 9/9
  8663 | D:8      | Reached skill level 10 in Armour
  9009 | D:9      | Noticed Prince Ribbit
  9021 | D:9      | Killed Prince Ribbit
  9083 | D:9      | Found a sparkling altar of Nemelex Xobeh.
  9329 | D:9      | Received a gift from Nemelex Xobeh
  9526 | D:9      | Gained mutation: You regenerate slowly when monsters are visible. [mutagenic meat]
  9528 | D:9      | Gained mutation: You are partially covered in rough black scales (AC +4, Dex -1). [mutagenic meat]
  9529 | D:9      | Gained mutation: Your body sometimes deteriorates upon taking damage. [mutagenic meat]
  9533 | D:9      | You fall through a shaft for 2 floors!
  9555 | D:10     | Entered Level 10 of the Dungeon
  9556 | D:10     | Noticed a hill giant
  9570 | D:10     | Killed a hill giant
  9811 | D:10     | Noticed a gargoyle
  9835 | D:10     | Killed a gargoyle
  9901 | D:10     | Received a gift from Nemelex Xobeh
  9953 | D:9      | Found an opulent altar of Gozag.
 10276 | D:10     | Found a staircase to the Orcish Mines.
 10336 | Orc:1    | Entered Level 1 of the Orcish Mines
 10392 | Orc:1    | Noticed magog001's ghost (journeyman MiFi)
 10651 | D:10     | Noticed a hill giant
 10668 | D:10     | Killed a hill giant
 10685 | D:10     | Received a gift from Nemelex Xobeh
 10750 | D:10     | Found Uweuc's Armour Shop.
 10753 | D:10     | Bought a +0 pair of gloves of strength for 138 gold pieces
 10881 | D:10     | Noticed a hill giant
 10890 | D:10     | Killed a hill giant
 10890 | D:10     | Reached XP level 11. HP: 47/97 MP: 11/11
 11213 | Orc:1    | Killed magog001's ghost
 11403 | Orc:1    | Received a gift from Nemelex Xobeh
 11553 | Orc:1    | Noticed an ettin
 11583 | Orc:1    | Mangled by an ettin

Skill      XL: |  1  2  3  4  5  6  7  8  9 10 |
---------------+-------------------------------+-----
Shields        | 4 5 6 7 8 10 11 | 11.9
Fighting       | 4 5 6 7 9 |  9.3
Armour         | 4 5 7 8 9 11 | 11.2
Axes           | 3 4 5 6 7 9 |  9.9
Dodging        | 1 2 |  2.9
Evocations     | 1 |  1.6
Throwing       | |  0.8
Stealth        | |  0.8

Action                   |  1- 3 |  4- 6 |  7- 9 | 10-12 || total
-------------------------+-------+-------+-------+-------++-------
Melee: War axe           |   110 |   125 |       |       ||   235
       Headbutt          |    15 |    32 |    51 |    68 ||   166
       Hand axe          |       |    40 |   345 |   304 ||   689
Throw: Tomahawk          |       |     1 |     4 |       ||     5
 Abil: Blink             |       |       |     1 |       ||     1
Evoke: Deck              |       |     9 |     1 |    13 ||    23
       Wand              |       |     1 |     2 |       ||     3
  Use: Scroll            |       |     3 |    12 |       ||    15
       Potion            |       |     1 |     9 |     7 ||    17
  Eat: Chunk             |       |     6 |    25 |    10 ||    41
       Pizza             |       |     2 |       |     1 ||     3
       Meat ration       |       |       |     1 |     1 ||     2
       Bread ration      |       |       |     2 |       ||     2
       Beef jerky        |       |       |     1 |       ||     1
       Royal jelly       |       |       |       |     1 ||     1
Armor: Scale mail        |    57 |    20 |       |       ||    77
       Chain mail        |       |    79 |     3 |       ||    82
       Plate armour      |       |       |   150 |   118 ||   268
Dodge: Dodged            |    42 |    57 |    71 |    68 ||   238
Block: Shield            |    65 |   105 |   205 |   143 ||   518
